[Event "December 19 Early 2023"]
[Site "https://www.chess.com"]
[Date "2023.12.19"]
[Round "2"]
[White "Bowden, Karl"]
[Black "Ghosh, Chanchal Kumer"]
[Result "1-0"]
[Board "237"]
[TimeControl "180+1"]
[WhiteFideId "400548"]
[BlackFideId "10201858"]
[WhiteElo "2437"]
[BlackElo "2067"]
[WhiteTeam "ENG"]
[BlackTeam "BAN"]
[WhiteClock "0:01:39"]
[BlackClock "0:00:00"]

1. e4 c5 2. c3 d5 3. exd5 Qxd5 4. d4 cxd4 5. cxd4 Nc6 6. Nf3 Bg4 7. Nc3 Qe6+ 8. Be3 O-O-O 9. Rc1 Kb8 10. d5 Qf6 11. Qa4 Bxf3 12. gxf3 Qxf3 13. dxc6 Qxc6 14. Qxa7+ Kc8 15. Nb5 Qxc1+ 16. Bxc1 1-0

[Event "December 19 Early 2023"]
[Site "https://www.chess.com"]
[Date "2023.12.19"]
[Round "2"]
[White "Kovacsy, Barnabas"]
[Black "Sailer, Mike"]
[Result "1-0"]
[Board "238"]
[TimeControl "180+1"]
[WhiteFideId "769290"]
[BlackFideId "2012901"]
[WhiteElo "2130"]
[BlackElo "2109"]
[WhiteTeam "HUN"]
[BlackTeam "USA"]
[WhiteClock "0:00:34"]
[BlackClock "0:00:02"]

1. e4 d5 2. exd5 Qxd5 3. Nc3 Qd6 4. d4 c6 5. Nf3 Bg4 6. Be2 e6 7. O-O Nf6 8. h3 Bxf3 9. Bxf3 Nbd7 10. Ne2 Qc7 11. c3 Bd6 12. Bg5 O-O 13. Qc2 h6 14. Bh4 Rfe8 15. Rad1 e5 16. dxe5 Nxe5 17. Bxf6 Nxf3+ 18. gxf3 gxf6 19. Nd4 Kh8 20. Qf5 Rg8+ 21. Kh1 Rg6 22. h4 Be5 23. Rg1 Rag8 24. Rxg6 fxg6 25. Qe6 Qd6 26. Qxd6 Bxd6 27. Nxc6 Bc5 28. Nd4 Re8 29. Kg2 Kg7 30. Rd2 Re1 31. b4 Bb6 32. a4 a6 33. a5 Ba7 34. Nc2 Rc1 35. Rd7+ Kg8 36. Rxb7 Bxf2 37. Kxf2 Rxc2+ 38. Kg3 Rxc3 39. Rb6 Rb3 40. Rxf6 Kg7 41. Rb6 h5 42. Kf4 Kf7 43. Kg5 Rxf3 44. Rb7+ Kg8 45. Kxg6 Rg3+ 46. Kxh5 Rg1 47. Rb6 Rb1 48. Kg5 Rg1+ 49. Kf5 Rf1+ 50. Ke5 Re1+ 51. Kd5 Rh1 52. Rxa6 Rxh4 53. Rb6 Kf8 54. a6 1-0

[Event "December 19 Early 2023"]
[Site "https://www.chess.com"]
[Date "2023.12.19"]
[Round "2"]
[White "Sahin, Sarp"]
[Black "Brandao, Marcius Gomes"]
[Result "1-0"]
[Board "239"]
[TimeControl "180+1"]
[WhiteFideId "51605066"]
[BlackFideId "2124980"]
[WhiteElo "1775"]
[BlackElo "2075"]
[WhiteTeam "TUR"]
[BlackTeam "BRA"]
[WhiteClock "0:01:10"]
[BlackClock "0:00:00"]

1. e4 c5 2. Nf3 Nc6 3. d4 cxd4 4. Nxd4 e5 5. Nb5 d6 6. N1c3 a6 7. Na3 Be7 8. Nd5 Nf6 9. Bd3 Nxd5 10. exd5 Qa5+ 11. Bd2 Qxd5 12. Nc4 Qxg2 13. Rf1 Bg4 14. Qc1 Nd4 15. Ne3 Nf3+ 16. Kd1 Nxh2+ 17. Ke1 Nf3+ 18. Kd1 Nd4+ 19. Ke1 Qh3 20. Nxg4 Qxg4 21. Be3 Nf3+ 22. Kd1 Nd4+ 23. Ke1 O-O 24. Bxd4 exd4 25. Qd2 Bg5 26. f4 Rfe8+ 27. Be2 Qg3+ 28. Kd1 Bh4 29. Qxd4 Bf6 30. Rg1 Bxd4 31. Rxg3 Bxb2 32. Rb1 Bf6 33. Rxb7 Rab8 34. Ra7 Rb1+ 35. Kd2 Rb6 36. Bc4 d5 37. Bxd5 Rd6 38. c4 1-0

[Event "December 19 Early 2023"]
[Site "https://www.chess.com"]
[Date "2023.12.19"]
[Round "2"]
[White "Nikulina, Alena"]
[Black "Lopusiewicz, Piotr"]
[Result "0-1"]
[Board "241"]
[TimeControl "180+1"]
[WhiteFideId "4172051"]
[BlackFideId "1116029"]
[WhiteElo "1627"]
[BlackElo "2286"]
[WhiteTeam "RUS"]
[BlackTeam "POL"]
[WhiteClock "0:00:10"]
[BlackClock "0:01:09"]

1. e4 c5 2. Nf3 e6 3. d4 cxd4 4. Nxd4 Nf6 5. Nc3 Nc6 6. Nxc6 bxc6 7. e5 Nd5 8. Ne4 Qc7 9. f4 Qb6 10. c4 Bb4+ 11. Ke2 f5 12. exf6 Nxf6 13. Nxf6+ gxf6 14. Be3 Bc5 15. Bxc5 Qxc5 16. Kf3 Rg8 17. Bd3 Bb7 18. a3 O-O-O 19. b4 Qh5+ 20. Kf2 Qh6 21. g3 c5 22. bxc5 Qh3 23. Bf1 Qf5 24. Bg2 Qxc5+ 25. Kf1 Qxc4+ 26. Kf2 Qc5+ 27. Kf1 Qb5+ 28. Kg1 Qc5+ 29. Kf1 Ba6+ 30. Ke1 Qe3+ 0-1

[Event "December 19 Early 2023"]
[Site "https://www.chess.com"]
[Date "2023.12.19"]
[Round "2"]
[White "Jaque Gutierrez, Matias"]
[Black "Mende, Andreas"]
[Result "1-0"]
[Board "242"]
[TimeControl "180+1"]
[WhiteFideId "3426980"]
[BlackFideId "4631102"]
[WhiteElo "2040"]
[BlackElo "2067"]
[WhiteTeam "CHI"]
[BlackTeam "GER"]
[WhiteClock "0:00:08"]
[BlackClock "0:00:00"]

1. c4 e5 2. g3 c6 3. Nf3 e4 4. Nd4 d5 5. d3 dxc4 6. dxe4 c5 7. Nb5 Qxd1+ 8. Kxd1 Na6 9. Nd2 Be6 10. e3 Rd8 11. a3 Nf6 12. Ke1 Bd7 13. Bxc4 Be7 14. f3 O-O 15. e5 Ne8 16. Ne4 Bxb5 17. Bxb5 Nac7 18. Be2 b6 19. Bd2 Nd5 20. Bc4 Nec7 21. a4 a6 22. Ke2 b5 23. axb5 axb5 24. Bxd5 Nxd5 25. Ra5 Nc7 26. Rc1 c4 27. Ra7 Nd5 28. Ba5 Bc5 29. Rb7 Bb4 30. Rxb5 Bxa5 31. Rxa5 Nb4 32. Rxc4 Nd3 33. Rd4 Nxb2 34. Nd6 f6 35. Rb4 fxe5 36. Nb7 Rb8 37. Rxb2 Rf7 38. Rab5 Rc7 39. Nd6 Rd8 40. Ne4 1-0

[Event "December 19 Early 2023"]
[Site "https://www.chess.com"]
[Date "2023.12.19"]
[Round "2"]
[White "Ovezdurdyyeva, Jemal"]
[Black "Luxama, Jacques Muller"]
[Result "1-0"]
[Board "243"]
[TimeControl "180+1"]
[WhiteFideId "14001888"]
[BlackFideId "11900113"]
[WhiteElo "2086"]
[BlackElo "1931"]
[WhiteTeam "TKM"]
[BlackTeam "HAI"]
[WhiteClock "0:00:13"]
[BlackClock "0:00:00"]

1. d4 e6 2. c4 d5 3. e3 Nf6 4. Nf3 a6 5. Bd3 dxc4 6. Bxc4 b5 7. Bd3 Bb7 8. O-O Nbd7 9. Nbd2 c5 10. b3 cxd4 11. Nxd4 Ne5 12. Bc2 Bc5 13. Bb2 O-O 14. Nxe6 Qd5 15. Nf4 Qd6 16. Qe2 Rfd8 17. Rfd1 Qe7 18. Rac1 Ba3 19. Bxa3 Qxa3 20. Bb1 Rac8 21. Rxc8 Rxc8 22. Nd3 Ng6 23. Nf3 Ne4 24. Qe1 Nc3 25. Rc1 Nxb1 26. Rxb1 Rc2 27. Nb4 Rc8 28. Nd4 Be4 29. Rd1 a5 30. Nxb5 Qxb4 31. Nd6 Qxe1+ 32. Rxe1 Rc2 33. Nxe4 Rxa2 34. Rc1 h6 35. h3 Ne5 36. Rc8+ Kh7 37. Rc7 f5 38. Nc5 Kg6 39. Ne6 Nf7 40. Rc5 Kf6 41. Nd4 g6 42. Nc6 Nd6 43. Rxa5 Rb2 44. b4 Ne4 45. b5 Nxf2 46. Nd4 Nd1 47. Ra6+ Ke5 48. Rxg6 Nxe3 49. Nf3+ Kf4 50. b6 Nd5 51. Rxh6 Nxb6 52. Kh2 Nd5 53. Rh8 Ne3 54. Rg8 Nf1+ 55. Kg1 Ng3 56. Re8 Rb1+ 57. Re1 Rb2 58. Ra1 Ne2+ 59. Kh2 Ke3 60. h4 f4 61. h5 Rb5 62. Kh3 1-0

[Event "December 19 Early 2023"]
[Site "https://www.chess.com"]
[Date "2023.12.19"]
[Round "2"]
[White "Navyblue1"]
[Black "Melikhov, Evgeny V."]
[Result "0-1"]
[Board "244"]
[TimeControl "180+1"]
[BlackFideId "4122046"]
[WhiteElo "2043"]
[BlackElo "2165"]
[BlackTeam "GRE"]
[WhiteClock "0:00:00"]
[BlackClock "0:00:05"]

1. d4 Nf6 2. c4 e6 3. Nf3 d5 4. Nc3 Bb4 5. Qa4+ Nc6 6. e3 O-O 7. Qc2 Re8 8. Be2 dxc4 9. Bxc4 Bd6 10. O-O h6 11. h3 a6 12. Rd1 e5 13. dxe5 Nxe5 14. Nxe5 Rxe5 15. e4 b5 16. Bf4 Rc5 17. Bxd6 cxd6 18. Bd5 Nxd5 19. Rxd5 Be6 20. Rxc5 dxc5 21. Rd1 Qc7 22. Nd5 Bxd5 23. exd5 Qd6 24. Qe4 Rd8 25. g3 c4 26. Kg2 Qc5 27. Qe5 Rd6 28. Qe8+ Kh7 29. Qe4+ g6 30. Qf3 Kg7 31. Qe4 b4 32. Qd4+ Qxd4 33. Rxd4 a5 34. Rxc4 Rxd5 35. Rc2 f5 36. b3 Kf6 37. Kf3 Ke5 38. Ke3 g5 39. f4+ gxf4+ 40. gxf4+ Kd6 41. h4 Rd1 42. Rg2 Kd5 0-1

[Event "December 19 Early 2023"]
[Site "https://www.chess.com"]
[Date "2023.12.19"]
[Round "2"]
[White "Marchesich, Giovanni"]
[Black "Shadhursshaan R"]
[Result "0-1"]
[Board "245"]
[TimeControl "180+1"]
[WhiteFideId "2824790"]
[BlackFideId "45024138"]
[WhiteElo "2198"]
[BlackElo "1760"]
[WhiteTeam "ITA"]
[BlackTeam "IND"]
[WhiteClock "0:01:09"]
[BlackClock "0:01:19"]

1. e4 c6 2. Nc3 d5 3. Nf3 dxe4 4. Nxe4 g6 5. Bc4 Bg7 6. d4 Nf6 7. Nxf6+ Bxf6 8. Bh6 Nd7 9. O-O Nb6 10. Bb3 a5 11. a3 Bg4 12. c3 a4 13. Ba2 e6 14. h3 Bf5 15. Re1 Ra5 16. g4 Qc7 17. gxf5 Rxf5 18. Ne5 Rh5 19. Bf4 Rxh3 20. Nxg6 Qd8 21. Nxh8 Nd5 22. Bxd5 Qxd5 23. Kf1 Qh1+ 24. Ke2 Qf3+ 25. Kd2 Qxf2+ 26. Re2 Qxf4+ 27. Kc2 Qf5+ 28. Kc1 Bg5+ 29. Rd2 Rd3 30. Kb1 Rxd2+ 0-1

[Event "December 19 Early 2023"]
[Site "https://www.chess.com"]
[Date "2023.12.19"]
[Round "2"]
[White "Gulamirian, Korun"]
[Black "Sahil, Tickoo"]
[Result "1/2-1/2"]
[Board "246"]
[TimeControl "180+1"]
[WhiteFideId "4144899"]
[BlackFideId "5019710"]
[WhiteElo "1621"]
[BlackElo "2086"]
[WhiteTeam "RUS"]
[BlackTeam "IND"]
[WhiteClock "0:00:07"]
[BlackClock "0:00:27"]

1. e4 c5 2. Nf3 d5 3. exd5 Nf6 4. c4 e6 5. dxe6 Bxe6 6. b3 Nc6 7. Bb2 Bd6 8. Be2 O-O 9. O-O Re8 10. Re1 Bf5 11. d4 cxd4 12. Nxd4 Nxd4 13. Bxd4 Be5 14. Bxe5 Rxe5 15. Qxd8+ Rxd8 16. Nc3 g5 17. h3 Rd2 18. Bf3 Rxe1+ 19. Rxe1 Rc2 20. Re3 Rc1+ 21. Kh2 Rc2 22. a4 b6 23. Ne2 Rb2 24. Nd4 Bd7 25. Re2 Rb1 26. Bd5 Rd1 27. Nc6 Bxc6 28. Bxc6 Rd3 29. Rb2 a5 30. b4 Rc3 31. bxa5 bxa5 32. Bb5 Ne4 33. Re2 Nd6 34. Re7 Kf8 35. Ra7 Kg7 36. Rxa5 Nxc4 37. Bxc4 Rxc4 38. Rxg5+ Kf6 39. Ra5 Rc2 40. Kg3 h6 41. Ra8 Kg6 42. a5 Rc3+ 43. f3 Ra3 44. a6 Ra4 45. a7 Kg7 46. Kf2 Ra3 47. Kg3 Ra2 48. Kh2 Ra4 49. Kg3 Ra5 50. Kf2 Ra4 51. Kg3 Ra3 52. Kf4 Ra4+ 53. Ke3 Ra5 54. Ke4 Ra4+ 55. Kd5 Ra5+ 56. Kc4 Ra1 57. Kb5 Rb1+ 58. Ka6 Ra1+ 59. Kb6 Rb1+ 60. Kc5 Ra1 61. Kc6 Rc1+ 62. Kd7 Rd1+ 63. Kc7 Rc1+ 64. Kb7 Rb1+ 65. Kc6 Ra1 66. Kd5 h5 67. Ke5 Ra5+ 68. Kf4 Kh7 69. Kg3 Kg7 70. Kh2 Ra4 71. Kg3 h4+ 72. Kf2 Ra2+ 73. Ke3 Ra3+ 74. Kf2 Ra4 75. Ke3 Ra5 76. Kf4 Ra4+ 77. Kg5 Kh7 78. Kf5 Kg7 79. Kg5 f6+ 80. Kf5 Ra5+ 81. Kg4 Ra4+ 82. f4 Kh7 83. Kxh4 Rxf4+ 84. Kg3 Ra4 85. Kf3 Kg7 86. g4 Ra3+ 87. Kf4 Ra4+ 88. Kf5 Ra5+ 89. Kf4 Ra4+ 90. Kg3 Ra3+ 91. Kh4 Ra4 92. Kg3 Ra3+ 93. Kh4 Ra4 94. Kg3 1/2-1/2

[Event "December 19 Early 2023"]
[Site "https://www.chess.com"]
[Date "2023.12.19"]
[Round "2"]
[White "Figorito, Nick"]
[Black "SujanaLohani"]
[Result "1-0"]
[Board "247"]
[TimeControl "180+1"]
[WhiteFideId "30923689"]
[WhiteElo "2418"]
[BlackElo "2023"]
[WhiteTeam "USA"]
[WhiteClock "0:01:45"]
[BlackClock "0:02:00"]

1. Nf3 f5 2. e4 fxe4 3. Ng5 Nf6 4. d3 exd3 5. Bxd3 e6 6. Nxh7 Nc6 7. Bg6+ Ke7 8. Ng5 Ne5 9. Bd3 Nxd3+ 10. Qxd3 c6 11. Bf4 Rh4 12. Bd6+ Ke8 13. Qg6# 1-0

[Event "December 19 Early 2023"]
[Site "https://www.chess.com"]
[Date "2023.12.19"]
[Round "2"]
[White "Levine, David"]
[Black "Dwilewicz, Katarzyna"]
[Result "0-1"]
[Board "248"]
[TimeControl "180+1"]
[WhiteFideId "2011611"]
[BlackFideId "1148486"]
[WhiteElo "2010"]
[BlackElo "2098"]
[WhiteTeam "USA"]
[BlackTeam "POL"]
[WhiteClock "0:00:00"]
[BlackClock "0:00:05"]

1. d4 g6 2. Nf3 Bg7 3. g3 d6 4. c4 Nd7 5. Bg2 e5 6. Nc3 Ne7 7. h4 h5 8. dxe5 Nxe5 9. Nxe5 Bxe5 10. Bg5 c6 11. Qd2 O-O 12. O-O Be6 13. b3 f6 14. Bf4 Bxf4 15. Qxf4 Qc7 16. Rfd1 Rad8 17. c5 Nd5 18. Nxd5 cxd5 19. Rac1 Qc6 20. cxd6 Qxd6 21. Rc7 Rf7 22. Rdc1 Qxf4 23. gxf4 Rdd7 24. Rxd7 Rxd7 25. e3 Kf7 26. Rc8 Ke7 27. Kf1 Kd6 28. Ke2 Re7 29. Rf8 Rf7 30. Rxf7 Bxf7 31. Kd3 Kc5 32. a3 a5 33. Kc3 b6 34. b4+ Kd6 35. Kd4 Kc6 36. Bf1 Kd6 37. Bd3 Be8 38. f5 g5 39. hxg5 fxg5 40. Bf1 g4 41. Bg2 Bf7 42. f3 g3 43. e4 h4 44. e5+ Ke7 45. Bh3 Bh5 46. f6+ Kf7 47. Bg2 Bg6 48. Kxd5 Bf5 0-1

[Event "December 19 Early 2023"]
[Site "https://www.chess.com"]
[Date "2023.12.19"]
[Round "2"]
[White "Cansun, Can Alp"]
[Black "Perez Cruz, Adianet"]
[Result "0-1"]
[Board "249"]
[TimeControl "180+1"]
[WhiteFideId "6390188"]
[BlackFideId "3510115"]
[WhiteElo "2031"]
[BlackElo "1987"]
[WhiteTeam "TUR"]
[BlackTeam "CUB"]
[WhiteClock "0:00:02"]
[BlackClock "0:00:28"]

1. d4 d5 2. c4 e5 3. dxe5 d4 4. Nf3 Nc6 5. g3 Be6 6. Bg2 Nge7 7. Nbd2 Ng6 8. a3 a5 9. b3 Qd7 10. Bb2 h5 11. h4 Rd8 12. O-O Be7 13. Qc2 O-O 14. Rad1 Bh3 15. Ne4 Bxg2 16. Kxg2 Qg4 17. Kh2 Ncxe5 18. Nxe5 Nxe5 19. Bxd4 Ng6 20. f3 Qf5 21. Qc3 Bxh4 22. Bxg7 Rxd1 23. Rxd1 Re8 24. Bf6 Rxe4 25. Rd8+ Kh7 26. Bxh4 Rxe2+ 27. Kg1 Qh3 28. Rh8+ Nxh8 29. Qd3+ Ng6 30. Qxe2 Nxh4 31. Qe4+ Ng6 32. Qxb7 Qxg3+ 33. Kf1 Qd6 34. Qe4 Kg7 35. Qf5 Qf6 36. Qxh5 Qf4 37. Kg2 Qd2+ 38. Kg3 Qh6 39. Qxa5 Qf4+ 40. Kf2 Qd4+ 41. Kg2 c5 42. Qe1 Qb2+ 43. Qf2 Qxb3 44. Qxc5 Qxa3 45. Qd4+ Kh7 46. c5 Qa2+ 47. Kg3 Qe6 48. Qg4 Qxg4+ 49. Kxg4 Kg7 50. Kf5 Kf8 51. Kf6 Ke8 52. c6 Ne7 53. c7 Nc8 54. f4 Kf8 55. f5 Ke8 56. Kg7 Ke7 57. f6+ Ke6 58. Kf8 Kxf6 59. Ke8 Ke6 60. Kd8 Nd6 61. c8=Q+ Nxc8 62. Kxc8 f5 63. Kb7 f4 0-1

[Event "December 19 Early 2023"]
[Site "https://www.chess.com"]
[Date "2023.12.19"]
[Round "2"]
[White "Ohler, Julius"]
[Black "Bogumil, Tatiana"]
[Result "1-0"]
[Board "250"]
[TimeControl "180+1"]
[WhiteFideId "16238982"]
[BlackFideId "4110579"]
[WhiteElo "2200"]
[BlackElo "1853"]
[WhiteTeam "GER"]
[BlackTeam "RUS"]
[WhiteClock "0:00:37"]
[BlackClock "0:00:00"]

1. Nf3 Nf6 2. g3 b6 3. Bg2 Bb7 4. O-O g6 5. c4 Bg7 6. Nc3 O-O 7. d3 c5 8. e4 d6 9. Ne1 Nc6 10. Nc2 Rc8 11. Be3 h6 12. h3 Kh7 13. Qd2 Nd7 14. Rab1 a6 15. a3 Nd4 16. Bxd4 cxd4 17. Ne2 e5 18. Nb4 b5 19. cxb5 axb5 20. Rfc1 Nc5 21. Rc2 Nb3 22. Qd1 Nc5 23. Nc1 h5 24. Re2 Bh6 25. Nb3 Na4 26. Rc2 Rxc2 27. Qxc2 Qc8 28. Qd1 Qd7 29. h4 Rc8 30. Kh2 Kg7 31. Bh3 f5 32. exf5 gxf5 33. Qxh5 Rf8 34. Na5 Ba8 35. Nb3 Nc5 36. Nxc5 dxc5 37. Nc2 c4 38. Rd1 Qd5 39. Nb4 Qf3 40. Qxf3 Bxf3 41. Re1 e4 42. dxc4 bxc4 43. Bg2 Bxg2 44. Kxg2 Bd2 45. Rd1 Bxb4 46. axb4 d3 47. Rc1 Rb8 48. Rxc4 1-0

[Event "December 19 Early 2023"]
[Site "https://www.chess.com"]
[Date "2023.12.19"]
[Round "2"]
[White "Serreau, David"]
[Black "Garrido, Denis"]
[Result "1/2-1/2"]
[Board "251"]
[TimeControl "180+1"]
[WhiteFideId "631957"]
[BlackFideId "601217"]
[WhiteElo "1977"]
[BlackElo "2415"]
[WhiteTeam "FRA"]
[BlackTeam "FRA"]
[WhiteClock "0:00:32"]
[BlackClock "0:00:57"]

1. Nf3 Nf6 2. c4 g6 3. b3 Bg7 4. Bb2 O-O 5. g3 c5 6. Bg2 Nc6 7. O-O d6 8. d4 cxd4 9. Nxd4 Bd7 10. Nc3 a6 11. Rc1 Qa5 12. Nc2 Rab8 13. Ne3 Rfc8 14. Qd2 b5 15. Rfd1 h5 16. Ncd5 Qxd2 17. Rxd2 Nxd5 18. Nxd5 Bxb2 19. Rxb2 bxc4 20. Rxc4 Kf8 21. Rbc2 Ne5 22. Rxc8+ Rxc8 23. Rxc8+ Bxc8 24. Kf1 Bd7 25. Nc3 e6 26. Ke1 Ke7 27. Kd2 d5 28. e3 Kd6 29. h3 Nc6 30. a3 Na5 31. Kc2 f6 32. Bf1 Bc8 33. Ne2 e5 34. Nc3 Bf5+ 35. Kb2 d4 36. exd4 exd4 37. Nd1 Bc8 38. Bd3 g5 39. h4 gxh4 40. gxh4 Nc6 41. Kc2 Ke5 42. Nb2 Kf4 43. Nc4 Kg4 44. Nd6 Bd7 45. Ne4 Kxh4 46. Nxf6 Bc8 47. Be2 Ne5 48. Nxh5 d3+ 49. Bxd3 Kxh5 50. f4 Nc6 51. Kc3 Kg4 52. f5 Kg5 53. b4 Na7 54. a4 Kf6 55. Kd4 Nc6+ 56. Kc5 Ne5 57. Be4 Bd7 58. Kb6 Bxa4 59. Kxa6 Nd7 60. Kb7 Bb3 61. Kc6 Ne5+ 62. Kb7 Bc4 63. Kb6 Ke7 64. Kc5 Be2 65. b5 Nd7+ 66. Kc6 Nb8+ 67. Kb7 Bxb5 68. Kxb8 Bd7 69. f6+ Kxf6 1/2-1/2

[Event "December 19 Early 2023"]
[Site "https://www.chess.com"]
[Date "2023.12.19"]
[Round "2"]
[White "Goncalves, Davi Sulzbacher"]
[Black "Olcayoz, Gizem"]
[Result "1-0"]
[Board "252"]
[TimeControl "180+1"]
[WhiteFideId "2154510"]
[BlackFideId "6301444"]
[WhiteElo "2175"]
[BlackElo "1856"]
[WhiteTeam "BRA"]
[BlackTeam "TUR"]
[WhiteClock "0:01:45"]
[BlackClock "0:00:00"]

1. e4 e6 2. d4 d5 3. e5 c5 4. c3 Nc6 5. Nf3 Bd7 6. a3 f6 7. exf6 Nxf6 8. Bd3 cxd4 9. cxd4 Qb6 10. O-O Bd6 11. Nc3 O-O 12. b4 Rae8 13. Na4 Qd8 14. Nc5 b6 15. Nxd7 Qxd7 16. Bb5 Qb7 17. Qa4 Rc8 18. Ba6 Qd7 19. Bxc8 Rxc8 20. Qd1 Qf7 21. Be3 Ne4 22. Rc1 Ne7 23. Rxc8+ Nxc8 24. Qa4 h6 25. Rc1 Ne7 26. Qxa7 Kh7 27. Qxb6 Nf5 28. Rc6 Nxe3 29. fxe3 1-0

[Event "December 19 Early 2023"]
[Site "https://www.chess.com"]
[Date "2023.12.19"]
[Round "2"]
[White "Begunov, Konstantin"]
[Black "Bushonica"]
[Result "1-0"]
[Board "253"]
[TimeControl "180+1"]
[WhiteFideId "4118510"]
[WhiteElo "2082"]
[BlackElo "1935"]
[WhiteTeam "RUS"]
[WhiteClock "0:00:14"]
[BlackClock "0:00:04"]

1. d4 d5 2. c4 e6 3. Nc3 c5 4. cxd5 exd5 5. Nf3 Nf6 6. g3 Nc6 7. Bg2 c4 8. b3 cxb3 9. Qxb3 Be7 10. Bg5 O-O 11. e3 a5 12. Bxf6 Bxf6 13. Nxd5 Be7 14. Nxe7+ Qxe7 15. O-O Bf5 16. Rfc1 a4 17. Qb5 Be4 18. Ne5 Bxg2 19. Kxg2 Ra5 20. Nxc6 Qe4+ 21. f3 Rxb5 22. fxe4 bxc6 23. Rxc6 Rb2+ 24. Kf3 Rxh2 25. a3 h6 26. Rb1 Ra2 27. Rc3 Re8 28. Rb4 Re6 29. e5 f6 30. Ke4 Rg2 31. Rxa4 Rxg3 32. Ra7 Kh7 33. Rcc7 Rg4+ 34. Kd5 Rb6 35. e6 Rg5+ 36. Kc4 Rxe6 37. Re7 Rxe3 38. Rxe3 1-0

[Event "December 19 Early 2023"]
[Site "https://www.chess.com"]
[Date "2023.12.19"]
[Round "2"]
[White "SulfatoFerroso"]
[Black "Miszler, Levente"]
[Result "0-1"]
[Board "254"]
[TimeControl "180+1"]
[BlackFideId "763276"]
[WhiteElo "1916"]
[BlackElo "2186"]
[BlackTeam "HUN"]
[WhiteClock "0:00:01"]
[BlackClock "0:01:19"]

1. e4 c6 2. d3 d5 3. Nd2 e5 4. Ngf3 Bd6 5. g3 Nf6 6. Bg2 O-O 7. O-O Re8 8. h3 Nbd7 9. Re1 Nc5 10. a4 a5 11. Nh2 Qc7 12. Qf3 Ne6 13. Ndf1 b6 14. Ng4 Nxg4 15. hxg4 Nd4 16. Qd1 Bb7 17. c3 Ne6 18. Ne3 d4 19. Nf5 Bf8 20. g5 Rad8 21. Qh5 dxc3 22. bxc3 Rxd3 23. Bh3 Rxc3 24. Bb2 Rc2 25. Rab1 Nd4 26. Bxd4 exd4 27. Nxd4 Rc4 28. Nf5 Rcxe4 29. Rxe4 Rxe4 30. Ne3 Rxe3 31. fxe3 Qxg3+ 32. Bg2 Qxe3+ 33. Kh2 Bd6+ 34. Kh1 g6 35. Qd1 Qg3 36. Kg1 Bc5+ 37. Kh1 Qh4+ 38. Bh3 Qxh3# 0-1

[Event "December 19 Early 2023"]
[Site "https://www.chess.com"]
[Date "2023.12.19"]
[Round "2"]
[White "Wael Sabry, Mina"]
[Black "Santos, Isaque Goncalves"]
[Result "0-1"]
[Board "255"]
[TimeControl "180+1"]
[WhiteFideId "10670173"]
[BlackFideId "2103885"]
[WhiteElo "1861"]
[BlackElo "1901"]
[WhiteTeam "EGY"]
[BlackTeam "BRA"]
[WhiteClock "0:00:16"]
[BlackClock "0:00:25"]

1. Nf3 e6 2. g3 d5 3. Bg2 Nf6 4. O-O Be7 5. d4 O-O 6. c4 c6 7. Nc3 dxc4 8. Ne5 Nd5 9. Nxc4 b6 10. Re1 Ba6 11. Ne5 f6 12. Nd3 Nd7 13. e4 Nb4 14. Nxb4 Bxb4 15. Qb3 Qe7 16. d5 exd5 17. Qa3 Bxa3 18. bxa3 d4 19. Ne2 Bxe2 20. Rxe2 Ne5 21. f4 Nc4 22. e5 d3 23. Rf2 fxe5 24. Bxc6 Rad8 25. Bb5 Qc5 26. Rb1 exf4 27. Bxf4 d2 28. Ba4 Nxa3 29. Bb3+ Kh8 30. Rd1 g5 31. Kg2 gxf4 32. gxf4 Qc6+ 33. Kh3 Rd3+ 34. Kg4 Qg6+ 35. Kh4 Qh6+ 36. Kg4 Qh3+ 37. Kg5 h6+ 38. Kg6 Qf5+ 39. Kxh6 Rh3# 0-1

[Event "December 19 Early 2023"]
[Site "https://www.chess.com"]
[Date "2023.12.19"]
[Round "2"]
[White "Vargas, Mauricio"]
[Black "Balint, Vilmos"]
[Result "0-1"]
[Board "256"]
[TimeControl "180+1"]
[WhiteFideId "4404572"]
[BlackFideId "718050"]
[WhiteElo "1982"]
[BlackElo "2139"]
[WhiteTeam "COL"]
[BlackTeam "HUN"]
[WhiteClock "0:00:00"]
[BlackClock "0:01:50"]

1. e4 e6 2. f4 d5 3. e5 c5 4. Nf3 Nc6 5. Bb5 Bd7 6. Bxc6 bxc6 7. O-O Ne7 8. d3 h5 9. c4 Nf5 10. b3 a5 11. Nc3 Be7 12. Na4 Qc7 13. Qe1 h4 14. h3 Ng3 15. Rf2 Rh6 16. Ba3 Qa7 17. Qe3 Nf5 18. Qe1 Bc8 19. Nh2 Rg6 20. Ng4 Nd4 21. Rc1 Rb8 22. Bb2 Nf5 23. Bc3 Ra8 24. Bb2 Kf8 25. Rd2 Qa6 26. Ba3 Qa7 27. Qf2 Nd4 28. Nh2 Rb8 29. Nf3 Nxf3+ 30. Qxf3 Rb4 31. Bxb4 cxb4+ 32. Qf2 d4 33. Qf3 c5 34. Qc6 Bd7 35. Qb6 Qa8 36. Nxc5 Bc6 37. Rcc2 Rg3 38. Qc7 Bxc5 0-1

[Event "December 19 Early 2023"]
[Site "https://www.chess.com"]
[Date "2023.12.19"]
[Round "2"]
[White "Tay, Junior"]
[Black "Nan M K Khine Hlyan"]
[Result "1/2-1/2"]
[Board "257"]
[TimeControl "180+1"]
[WhiteFideId "5800439"]
[BlackFideId "13002899"]
[WhiteElo "2216"]
[BlackElo "1943"]
[WhiteTeam "SGP"]
[BlackTeam "MYA"]
[WhiteClock "0:01:31"]
[BlackClock "0:00:22"]

1. e4 e5 2. Nc3 Nf6 3. f4 d5 4. fxe5 Nxe4 5. d3 Qh4+ 6. g3 Nxg3 7. Nf3 Qh5 8. Nxd5 Nxh1 9. Nxc7+ Kd8 10. Nxa8 Bg4 11. Bg2 Bxf3 12. Qxf3 Qxf3 13. Bxf3 Nc6 14. Bf4 Bc5 15. c3 Nf2 16. d4 Nd3+ 17. Kd2 Nxf4 18. dxc5 Kc8 19. Ke3 Ne6 20. b4 Nxe5 21. Bd5 Kb8 22. Rf1 Kxa8 23. Ke4 Ng6 24. Bxe6 Re8 25. Kd4 fxe6 26. Rf7 e5+ 27. Ke4 Kb8 28. Rxg7 Re7 29. Rxe7 Nxe7 30. Kxe5 Ng6+ 31. Kf6 Kc7 32. Kg7 Ne5 33. Kxh7 Nf3 34. h3 Ng5+ 35. Kg6 Nxh3 36. Kf5 Nf2 37. Ke5 Nd3+ 38. Kd4 Nc1 39. a4 Nb3+ 40. Kc4 Nd2+ 41. Kd3 Nf3 42. b5 Ne5+ 43. Kd4 Nf3+ 44. Kd3 Ne1+ 45. Kc4 Nc2 46. a5 Ne3+ 47. Kd4 Nc2+ 48. Kc4 Na3+ 49. Kb4 Nc2+ 50. Kc4 1/2-1/2

[Event "December 19 Early 2023"]
[Site "https://www.chess.com"]
[Date "2023.12.19"]
[Round "3"]
[White "Carlsen, Magnus"]
[Black "IM_ArthurDW08"]
[Result "1-0"]
[Board "1"]
[TimeControl "180+1"]
[WhiteFideId "1503014"]
[WhiteElo "2887"]
[BlackElo "2762"]
[WhiteTeam "NOR"]
[WhiteClock "0:01:36"]
[BlackClock "0:00:00"]

1. h3 e5 2. Nf3 e4 3. Nh2 d5 4. d3 Nf6 5. g4 h6 6. Bg2 Bd6 7. Nc3 Bxh2 8. Rxh2 Qd6 9. Rh1 exd3 10. Qxd3 Be6 11. e4 Nc6 12. Nb5 Qe7 13. Bf4 dxe4 14. Qa3 Nd5 15. Nxc7+ Nxc7 16. Qxe7+ Nxe7 17. Bxc7 Rc8 18. Be5 f6 19. Bd4 Rxc2 20. Bxe4 Rc4 21. Rd1 Nc6 22. Bg6+ Bf7 23. Bxf7+ Kxf7 24. Bc3 Rd8 25. Ke2 Re8+ 26. Kf3 Re7 27. a3 b5 28. Rd5 a6 29. Rhd1 b4 30. axb4 Nxb4 31. Ra5 Re6 32. Rd7+ Kg6 33. Rb7 Nc6 34. Rd5 Ne5+ 35. Bxe5 fxe5 36. Rdd7 Rf6+ 37. Kg3 1-0

[Event "December 19 Early 2023"]
[Site "https://www.chess.com"]
[Date "2023.12.19"]
[Round "3"]
[White "Gabrielian, Artur"]
[Black "Nakamura, Hikaru"]
[Result "0-1"]
[Board "2"]
[TimeControl "180+1"]
[WhiteFideId "4131002"]
[BlackFideId "2016192"]
[WhiteElo "2441"]
[BlackElo "2874"]
[WhiteTeam "RUS"]
[BlackTeam "USA"]
[WhiteClock "0:00:00"]
[BlackClock "0:01:13"]

1. e4 e6 2. d4 d5 3. Nc3 Bb4 4. e5 b6 5. a3 Bf8 6. Qg4 Ba6 7. Bxa6 Nxa6 8. Nge2 c5 9. Be3 h5 10. Qh3 Ne7 11. g4 Rc8 12. Rg1 Qd7 13. O-O-O b5 14. dxc5 Ng6 15. b4 hxg4 16. Qxg4 Nxe5 17. Qf4 Nc4 18. Bd4 f6 19. Qg4 Nc7 20. Nf4 e5 21. Qxd7+ Kxd7 22. Ng6 Rh7 23. Be3 Kc6 24. Nb1 a5 25. c3 axb4 26. axb4 Ra8 27. h4 Ne6 28. Rg3 Ra7 29. f4 Be7 30. fxe5 fxe5 31. Bg5 Bxg5+ 32. hxg5 Rh2 33. Rgd3 Raa2 34. Nd2 Ra1+ 35. Kc2 Rxd1 36. Ne7+ Kd7 37. Nxd5 Rdxd2+ 0-1